 Dungeon Crawl Stone Soup version 0.21-a0-140-g479285b (webtiles) character file.

69 Manul the Sneak (level 4, -1/34 HPs)
             Began as a Demonspawn Assassin on July 21, 2017.
             Killed by nerve-wracking pain
             ... invoked by an orc priest
              (6 damage)
             ... on level 3 of the Dungeon.
             The game lasted 00:03:32 (1740 turns).

Manul the Sneak (Demonspawn Assassin)               Turns: 1740, Time: 00:03:33

Health: -1/34      AC:  5    Str: 11    XL:     4   Next: 2%
Magic:  4/4        EV: 12    Int: 13    God:
Gold:   80         SH:  0    Dex: 15    Spells: 3/3 levels left

rFire    . . .     SeeInvis .   t - +1 whip (venom)
rCold    . . .     Gourm    .   (no shield)
rNeg     . . .     Faith    .   c - +0 robe
rPois    .         Spirit   .   (no helmet)
rElec    .         Reflect  .   d - +0 cloak
rCorr    .         Harm     .   (no gloves)
MR       .....                  (no boots)
Stlth    +++.......             (no amulet)
HPRegen  0.11/turn              (no ring)
MPRegen  0.09/turn              (no ring)

@: hasted, drained, very quick
A: molten scales 1
a: no special abilities


You were on level 3 of the Dungeon.
You were hungry.

You visited 1 branch of the dungeon, and saw 3 of its levels.

You collected 80 gold pieces.

Inventory:

Hand Weapons
 a - a +2 dagger
 b - a +0 blowgun
 o - a +0 dagger of draining
 t - a +1 whip of venom (weapon)
Missiles
 e - 41 poisoned needles
 f - 2 curare-tipped needles
Armour
 c - a +0 robe (worn)
 d - a +0 cloak (worn)
Jewellery
 u - an uncursed amulet of faith {unknown}
Scrolls
 k - 12 scrolls of identify {unknown}
 l - 4 scrolls of teleportation {unknown}
 p - 2 scrolls of enchant armour {unknown}
 r - a scroll of remove curse {unknown}
 s - a scroll of noise {unknown}
Potions
 m - a potion of flight {unknown}
 n - a potion of curing {unknown}
 q - a potion of haste
 v - a potion of degeneration {unknown}
Comestibles
 g - a bread ration
 i - 3 fruits
 j - a royal jelly


   Skills:
 + Level 2.4(2.1) Fighting
 + Level 2.2(1.9) Short Blades
 - Level 1.7(1.4) Throwing
 + Level 1.6(1.2) Dodging
 + Level 4.5(4.2) Stealth


You had 3 spell levels left.
You didn't know any spells.

Dungeon Overview and Level Annotations

Branches:
Dungeon (3/15)

Altars:
Xom

Annotations:
D:3 afd's ghost, amateur OpCj


Innate Abilities, Weirdness & Mutations

You are partially covered in molten scales. (AC +2)


Message History

The orc priest hits you with a mace of draining!
You feel drained.
You barely miss the orc priest.
The orc priest invokes the aid of Beogh against you.
Beogh smites you!
Wield which item (- for none, * to show all)? (? for menu, Esc to quit)
Your +1 whip of venom begins to drip with poison!
t - a +1 whip of venom (weapon)
You hit the orc priest.
The orc priest is heavily wounded.
The orc priest closely misses you.
You barely miss the orc priest.
The orc priest is heavily wounded.
The orc priest invokes the aid of Beogh against you.
Pain shoots through your body!
* * * LOW HITPOINT WARNING * * *
It was a potion of haste.
You feel yourself speed up.
The orc priest calls down the wrath of Beogh upon you.
Pain shoots through your body!
You die...

#########
#.oooo...
#@##### #.....#
#..##.###
#........
######........
#....$...#.##.
#........#.#
#........#.## #
#...........#.#


You could see an orc priest and 3 orcs.

Vanquished Creatures
  An adder (D:2)
  An ooze (D:1)
  A dart slug (D:1)
  A leopard gecko (D:1)
  An orc (D:3)
  4 giant cockroaches
  5 goblins
  6 hobgoblins
  6 jackals (D:2)
  8 kobolds
  A quokka (D:2)
  4 bats
  A frilled lizard (D:2)
  7 rats
47 creatures vanquished.

Notes
Turn   | Place    | Note
-------+----------+-------------------------------------------
     0 | D:1      | Manul the Demonspawn Assassin began the quest for the Orb.
     0 | D:1      | Reached XP level 1. HP: 16/16 MP: 1/1
    84 | D:1      | Reached skill level 4 in Stealth
    88 | D:1      | Gained mutation: You are partially covered in molten scales. (AC +2) [demonic ancestry]
    88 | D:1      | Reached XP level 2. HP: 22/22 MP: 2/2
   204 | D:1      | Reached skill level 1 in Dodging
   295 | D:1      | Reached XP level 3. HP: 27/27 MP: 3/3
   912 | D:2      | Found a shimmering altar of Xom.
  1420 | D:3      | Noticed afd's ghost (amateur OpCj)
  1733 | D:3      | Reached XP level 4. HP: 34/34 MP: 4/4
  1740 | D:3      | Killed from afar by an orc priest

Vault maps used:
D:1:      roderic_crossed_star, st_stairs_4, minmay_pentomino_w2
D:2:      xom_teletrap_fun
D:3:      serial_glass, glass_columns_c, glass_columns_a,
          kennysheep_cluttered_room, uniq_ijyb, uniq_jessica

Skill      XL: |  1  2 |
---------------+-------+-----
Stealth        | 4 |  4.5
Short Blades   | 2 |  2.2
Dodging        | 1 |  1.6
Fighting       | |  2.4
Throwing       | |  1.7

Action                   |  1- 3 |  4- 6 || total
-------------------------+-------+-------++-------
Melee: Dagger            |   100 |     3 ||   103
       Whip              |    37 |     2 ||    39
  Use: Potion            |       |     1 ||     1
 Stab: Sleeping          |     8 |       ||     8
       Distracted        |     1 |       ||     1
  Eat: Chunk             |     2 |       ||     2
Armor: Robe              |    68 |       ||    68
Dodge: Dodged            |    67 |     2 ||    69
